 Dungeon Crawl Stone Soup version 0.18.1-48-g4cf74bf (webtiles) character file.

2340 MaCx the Conjurer (level 9, 0/54 HPs)
             Began as a Gargoyle Wizard on Sept 5, 2016.
             Slain by Gastronok (19 damage)
             ... on level 8 of the Dungeon on Sept 8, 2016.
             The game lasted 00:40:26 (10664 turns).

MaCx the Conjurer (Gargoyle Wizard)                Turns: 10664, Time: 00:40:27

Health: 0/54       AC: 11    Str: 12    XL:     9   Next: 43%
Magic:  6/16       EV: 13    Int: 21    God:
Gold:   397        SH:  0    Dex:  8    Spells: 5 memorised, 7 levels left

rFire  . . .     SeeInvis .     l - +2 hand axe (flame)
rCold  . . .     Gourm    .     k - +0 robe (curse)
rNeg   + . .     Faith    .     (no shield)
rPois  ∞         Spirit   .     b - +1 hat
rElec  +         Dismiss  .     g - +2 cloak
rCorr  .         Reflect  .     (no gloves)
SustAt .         Harm     .     (no boots)
MR     .....                    (no amulet)
Stlth  ++........               (no ring)
                                (no ring)

@: slowed, very slow, not resistant to hostile enchantments, unstealthy
A: negative energy resistance 1, electricity resistance, unbreathing,
petrification resistance, rot immunity, AC +5
a: no special abilities


You were on level 8 of the Dungeon.
You were not hungry.

You visited 2 branches of the dungeon, and saw 9 of its levels.

You collected 397 gold pieces.

Inventory:

Hand Weapons
 l - a +2 hand axe of flaming (weapon)
 G - a +0 quarterstaff
 H - a +0 quarterstaff
 I - a cursed -1 quarterstaff
Armour
 b - a +1 hat (worn)
 g - a +2 cloak (worn)
 k - a cursed +0 robe (worn)
 E - the +2 helmet of Valour {-Tele +Inv Int+6 SInv, unknown}
   (You found it on level 5 of the Dungeon)

   It affects your intelligence (+6).
   It lets you see invisible.
   It lets you turn invisible.
   It prevents most forms of teleportation.
Jewellery
 o - an uncursed ring of ice
 K - a +2 ring of intelligence {unknown}
Wands
 q - a wand of polymorph (24/24)
Scrolls
 a - a scroll of holy word {unknown}
 e - a scroll of fog
 f - a scroll of enchant weapon {unknown}
 j - a scroll of teleportation
 m - 2 scrolls of noise {unknown}
 p - a scroll of immolation {unknown}
 t - 2 scrolls of remove curse
 w - a scroll of blinking
 A - 2 scrolls of recharging
 C - a scroll of enchant armour
 F - a scroll of magic mapping {unknown}
Potions
 h - 3 potions of might {unknown}
 i - a potion of magic {unknown}
 n - 2 potions of berserk rage {unknown}
 r - a potion of lignification {unknown}
 s - 2 potions of brilliance {unknown}
 u - 4 potions of haste {unknown}
 x - a potion of heal wounds {unknown}
 z - 4 potions of curing
 B - 2 potions of degeneration {unknown}
 D - a potion of mutation {unknown}
Books
 c - a book of Minor Magic

   Spells                             Type                      Level
   a - Magic Dart                     Conjuration                  1
   b - Blink                          Translocation                2
   c - Call Imp                       Summoning                    2
   d - Repel Missiles                 Charms/Air                   2
   e - Slow                           Hexes                        2
   f - Conjure Flame                  Conjuration/Fire             3
   g - Mephitic Cloud                 Conjuration/Poison/Air       3
 y - a book of Callings

   Spells                             Type                      Level
   a - Summon Small Mammal            Summoning                    1
   b - Call Imp                       Summoning                    2
   c - Call Canine Familiar           Summoning                    3
   d - Summon Guardian Golem          Hexes/Summoning              3
   e - Summon Lightning Spire         Summoning/Air                4
   f - Summon Ice Beast               Ice/Summoning                4
Comestibles
 d - 5 bread rations
 v - 4 meat rations
 J - 5 chunks of flesh


   Skills:
 + Level 5.3 Fighting
 + Level 4.4 Dodging
 - Level 2.1 Stealth
 - Level 5.1 Spellcasting
 - Level 5.3 Conjurations
   Level 0.8 Summonings
 - Level 0.8 Translocations
 + Level 4.8 Fire Magic
 * Level 4.2 Air Magic


You had 7 spell levels left.
You knew the following spells:

 Your Spells              Type           Power        Failure   Level  Hunger
a - Magic Dart            Conj           ####         1%          1    None
b - Conjure Flame         Conj/Fire      ####....     4%          3    ##.....
c - Mephitic Cloud        Conj/Pois/Air  ###.....     10%         3    ##.....
d - Repel Missiles        Chrm/Air       ##....       10%         2    None
e - Blink                 Tloc           N/A          12%         2    None


Dungeon Overview and Level Annotations

Branches:
Dungeon (8/15)             Temple (1/1) D:7
   Lair: D:8-11

Altars:
Ashenzari
Cheibriados
Dithmenos
Elyvilon
Fedhas
Gozag
Makhleb
Nemelex Xobeh
Pakellas
Qazlal
Sif Muna
Trog
Xom
Yredelemnul
Zin
The Shining One

Annotations:
D:3 1 exclusion
D:8 Gastronok


Innate Abilities, Weirdness & Mutations

You are resistant to torment.
Your stone body is resilient (AC +5).
You are immune to poison.
You resist negative energy.
You are resistant to electric shocks.
You can survive without breathing.
You are immune to petrification.
You are immune to rotting.


Message History

Press: ? - help, Shift-Dir - straight line, p - Gastronok The ball explodes into a vile cloud!
The stinking cloud engulfs you!
The stinking cloud engulfs Gastronok.
Gastronok is lightly wounded.
The bat misses you.
Gastronok is engulfed in noxious fumes.
Gastronok appears confused.
You hit Gastronok. You burn Gastronok.
Gastronok is moderately wounded.
Gastronok seems less confused.
The bat closely misses you.
Gastronok's eyestalks quiver as he mumbles some strange words.
Gastronok puts on a burst of speed!
You hit Gastronok but do no damage.
Gastronok is moderately wounded.
The bat misses you. The bat hits you but does no damage. Gastronok bites you!
You hit Gastronok but do no damage.
Gastronok is moderately wounded.
The bat closely misses you. The bat hits you but does no damage.
Gastronok gurgles, "A snack!
A snack!"
Gastronok bites you!!
You die...

######.# # #......# .
###.###..#.
######..##..........
#.....# #.#.######.
#.###.#.##.#.b..@w#
#<......##.#####..#
..########....#..b#.##
..'.....#####.#$.....#
..###########.#.#.#..#
#.#...........#......#
#.#.###.........#.####
#.#.# #.....###.#..
#.#.###.....# ......


You could see Gastronok and 2 bats.

Vanquished Creatures
  Sigmund (D:5)
  A hungry ghost (D:7)
  2 hippogriffs (D:7)
  Edmund (D:6)
  A black bear (D:7)
  A sky beast (D:5)
  A phantom (D:4)
  2 ogres (D:4)
  A centaur (D:6)
  A scorpion (D:3)
  A howler monkey (D:7)
  6 crimson imps
  2 giant frog zombies
  A jelly (D:6)
  5 hounds
  3 giant frog skeletons
  2 orc wizards (D:5)
  6 worker ants
  3 hound zombies
  9 gnolls
  9 adders
  An ooze (D:2)
  An adder skeleton (D:4)
  3 worms
  4 dart slugs
  3 giant geckos
  11 orcs
  9 giant cockroaches
  8 goblins
  5 hobgoblins
  9 jackals
  4 quokkas
  A ball python (D:1)
  6 bats
  5 giant newts
  7 kobolds
  A quokka zombie (D:6)
  12 rats
149 creatures vanquished.

Notes
Turn   | Place    | Note
--------------------------------------------------------------
     0 | D:1      | MaCx the Gargoyle Wizard began the quest for the Orb.
     0 | D:1      | Reached XP level 1. HP: 10/10 MP: 4/4
   520 | D:1      | Reached XP level 2. HP: 15/15 MP: 4/6
  1364 | D:1      | Reached XP level 3. HP: 19/19 MP: 5/7
  1880 | D:2      | Found a blossoming altar of Fedhas.
  2075 | D:2      | Reached XP level 4. HP: 24/24 MP: 6/9
  2847 | D:3      | Learned a level 3 spell: Conjure Flame
  2913 | D:2      | Reached XP level 5. HP: 13/28 MP: 9/11
  3142 | D:2      | Learned a level 3 spell: Mephitic Cloud
  3145 | D:2      | Learned a level 2 spell: Repel Missiles
  3148 | D:2      | Learned a level 2 spell: Blink
  4395 | D:3      | Reached XP level 6. HP: 10/32 MP: 10/12
  4724 | D:3      | Reached skill level 5 in Conjurations
  4783 | D:4      | Noticed a phantom
  4800 | D:4      | Killed a phantom
  4800 | D:4      | Reached skill level 5 in Spellcasting
  5145 | D:4      | Reached XP level 7. HP: 37/37 MP: 11/14
  5179 | D:4      | Reached skill level 1 in Fire Magic
  5217 | D:4      | Reached skill level 1 in Fighting
  5354 | D:4      | Reached skill level 1 in Air Magic
  6511 | D:5      | Entered Level 5 of the Dungeon
  6520 | D:5      | Got a warped helmet
  6534 | D:5      | Noticed Sigmund
  6640 | D:5      | Reached XP level 8. HP: 40/45 MP: 0/15
  6657 | D:5      | Killed Sigmund
  7219 | D:5      | Found a deep blue altar of Sif Muna.
  7225 | D:5      | Found a sparkling altar of Nemelex Xobeh.
  7280 | D:6      | Noticed Edmund
  7330 | D:6      | Killed Edmund
  8812 | D:5      | Reached XP level 9. HP: 43/52 MP: 6/16
  9650 | D:7      | Found a staircase to the Ecumenical Temple.
  9657 | Temple   | Entered the Ecumenical Temple
  9913 | D:7      | Reached skill level 5 in Fighting
 10637 | D:8      | Noticed Gastronok
 10664 | D:8      | Slain by Gastronok

Skill      XL: |  1  2  3  4  5  6  7  8  9 |
---------------+----------------------------+-----
Conjurations   | 2 3 4 5 |  5.3
Spellcasting   | 4 5 |  5.1
Dodging        | 2 3 4 |  4.4
Fire Magic     | 2 4 |  4.8
Fighting       | 2 4 5 |  5.3
Air Magic      | 1 3 4 |  4.2
Stealth        | |  2.1
Summonings     | |  0.8
Translocations | |  0.8

Action                   |  1- 3 |  4- 6 |  7- 9 || total
-------------------------+-------+-------+-------++-------
Melee: Unarmed           |    10 |       |       ||    10
       Hand axe          |    20 |    76 |   209 ||   305
 Cast: Magic Dart        |    78 |    94 |   218 ||   390
       Conjure Flame     |       |       |     5 ||     5
       Mephitic Cloud    |       |       |    13 ||    13
  Use: Scroll            |     1 |     2 |     4 ||     7
 Stab: Confused          |       |       |     5 ||     5
  Eat: Chunk             |     3 |     6 |    13 ||    22
       Royal jelly       |       |     1 |       ||     1
       Pizza             |       |     1 |       ||     1
       Bread ration      |       |       |     1 ||     1
       Beef jerky        |       |       |     1 ||     1
Armor: Robe              |    23 |    32 |   120 ||   175
Dodge: Dodged            |    23 |    48 |   183 ||   254
